 Dungeon Sprint DCSS version 0.21-a0-104-g7b58145 (webtiles) character file.

329 Kidiri the Covert (level 6, -1/32 HPs)
             Began as a Spriggan Enchanter on July 5, 2017.
             Slain by a hippogriff (6 damage)
             ... in the Dungeon (Sprint II: "The Violet Keep of Menkaure").
             The game lasted 00:01:41 (215 turns).

Kidiri the Covert (Spriggan Enchanter)               Turns: 215, Time: 00:01:42

Health: -1/32      AC:  2    Str:  4    XL:     6   Next: 25%
Magic:  15/17      EV: 24    Int: 17    God:
Gold:   243        SH:  0    Dex: 18    Spells: 7/19 levels left

rFire    . . .     SeeInvis +   a - +1 dagger
rCold    . . .     Gourm    .   (shield restricted)
rNeg     . . .     Faith    .   b - +0 robe
rPois    .         Spirit   .   (helmet restricted)
rElec    .         Reflect  .   (no cloak)
rCorr    .         Harm     .   (gloves unavailable)
MR       +....     NoTele   +   (boots unavailable)
Stlth    +++++.....             (no amulet)
HPRegen  0.10/turn              (no ring)
MPRegen  0.15/turn              (no ring)

@: mesmerised, very slightly contaminated, very quick
A: unfitting armour, see invisible, herbivore 3, speed 3, slow metabolism 2
a: no special abilities


You were in the Dungeon.
You were not hungry.

You visited 1 branch You collected 243 gold pieces.

Inventory:

Hand Weapons
 a - a +1 dagger (weapon)
Armour
 b - a +0 robe (worn)
Scrolls
 j - a scroll of blinking
Potions
 e - a potion of curing
 g - a potion of haste
 h - a potion of magic
Books
 c - a book of Maledictions

   Spells                             Type                      Level
   a - Corona                         Hexes                        1
   b - Ensorcelled Hibernation        Hexes/Ice                    2
   c - Confuse                        Hexes                        3
   d - Tukima's Dance                 Hexes                        3
   e - Dazzling Spray                 Conjuration/Hexes            3
Comestibles
 d - a bread ration


   Skills:
 + Level 3.0 Fighting
 * Level 6.2 Short Blades
 + Level 2.8 Armour
 * Level 8.5 Dodging
 * Level 9.9 Stealth
 * Level 7.3 Spellcasting
 + Level 6.0 Hexes


You had 7 spell levels left.
You knew the following spells:

 Your Spells              Type           Power        Failure   Level  Hunger
a - Corona                Hex            ####...      1%          1    None
b - Ensorcelled Hibernat  Hex/Ice        ###...       4%          2    None
c - Confuse               Hex            ####....     2%          3    ##.....
d - Tukima's Dance        Hex            ####....     2%          3    ##.....
e - Dazzling Spray        Conj/Hex       ###...       10%         3    ##.....


Dungeon Overview and Level Annotations

Branches:
Dungeon (1/1)

Altars:

Annotations:
D Menkaure


Innate Abilities, Weirdness & Mutations

You are very small and have problems with some larger weapons.
You are too small for most types of armour.
You have supernaturally acute eyesight. (SInv)
You are a herbivore.
You cover ground extremely quickly.
You need consume almost no food.


Message History

The merfolk siren chants its luring song.
Menkaure calls on the powers of darkness!
The merfolk siren convulses!
Your body is wracked with pain!
The hippogriff convulses!
Magic courses through your body. The hippogriff completely misses you.
The hippogriff misses you. x2; The hippogriff completely misses you.
The hippogriff pecks you. The hippogriff completely misses you.
The merfolk siren chants its luring song.
Unknown command.
Casting: Ensorcelled Hibernation
Confirm with . or Enter, or press ? or * to list all spells.
Aiming: Ensorcelled Hibernation
Press: ? - help, Shift-Dir - straight line, f - hippogriff, p - merfolk siren
Aim: a hippogriff (chance to defeat MR: 42%)
The hippogriff resists with some effort.
The hippogriff closely misses you. x2; The hippogriff completely misses you.
The hippogriff bites you.
* * * LOW HITPOINT WARNING * * *
The hippogriff barely misses you. The hippogriff claws you.
You die...

## ## ##.
.## ..#..
... # #M#
.#
###m##.#
#+.<@H#
#.##H##.#
#3 ##%##
.# #
##.#.## #
#..#..#
##...##
##+##


You could see 2 hippogriffs, a merfolk siren and Menkaure.

Vanquished Creatures
  4 necrophages (D)
4 creatures vanquished.

Notes
Turn   | Place    | Note
-------+----------+-------------------------------------------
     0 | D        | Kidiri the Spriggan Enchanter began the quest for the Orb.
     0 | D        | Reached XP level 1. HP: 9/9 MP: 5/5
     1 | D        | Noticed a hippogriff
     1 | D        | Noticed a hippogriff
     5 | D        | Noticed a merfolk siren
     9 | D        | Noticed a neqoxec
    13 | D        | Noticed a necrophage
    13 | D        | Noticed a necrophage
    13 | D        | Noticed a necrophage
    13 | D        | Noticed a necrophage
    17 | D        | Killed a necrophage
    17 | D        | Reached skill level 1 in Fighting
    17 | D        | Reached skill level 1 in Armour
    17 | D        | Reached skill level 5 in Dodging
    17 | D        | Reached skill level 7 in Stealth
    17 | D        | Reached skill level 5 in Spellcasting
    17 | D        | Reached XP level 2. HP: 15/15 MP: 6/9
    17 | D        | Reached XP level 3. HP: 18/18 MP: 6/10
    17 | D        | Reached XP level 4. HP: 23/23 MP: 7/12
    22 | D        | Killed a necrophage
    22 | D        | Reached skill level 8 in Stealth
    22 | D        | Reached skill level 5 in Hexes
    22 | D        | Reached XP level 5. HP: 26/26 MP: 7/14
    30 | D        | Killed a necrophage
    30 | D        | Reached skill level 5 in Short Blades
    30 | D        | Reached skill level 9 in Stealth
    34 | D        | Killed a necrophage
    34 | D        | Reached XP level 6. HP: 31/31 MP: 9/17
    42 | D        | Learned a level 2 spell: Ensorcelled Hibernation
    46 | D        | Learned a level 3 spell: Confuse
    50 | D        | Learned a level 3 spell: Tukima's Dance
    54 | D        | Learned a level 3 spell: Dazzling Spray
   193 | D        | Noticed Menkaure
   215 | D        | Slain by a hippogriff

Vault maps used:
D:        the_violet_keep_of_menkaure

Skill      XL: |  1  2  3  4  5 |
---------------+----------------+-----
Fighting       | 1 2 3 |  3.0
Short Blades   | 3 4 6 |  6.2
Armour         | 1 2 |  2.8
Dodging        | 5 6 8 |  8.5
Stealth        | 7 8 9 |  9.9
Spellcasting   | 5 6 7 |  7.3
Hexes          | 4 5 6 |  6.0

Action                   |  1- 3 |  4- 6 || total
-------------------------+-------+-------++-------
Melee: Dagger            |     3 |    23 ||    26
 Cast: Ensorcelled Hiber |       |     4 ||     4
       Dazzling Spray    |       |     3 ||     3
  Use: Potion            |     1 |     2 ||     3
Dodge: Dodged            |     1 |    25 ||    26
